 Dungeon Crawl Stone Soup version 0.28-a0-1080-g05a166d0ed (webtiles) character file.

Game seed: 17700066752707914829

0 spiderkeys the Ducker (level 1, -5/10 HPs)
             Began as a Felid Abyssal Knight on Dec 9, 2021.
             Was a Follower of Lugonu.
             Killed from afar by an efreet (14 damage)
             ... with a bolt of fire
             ... on level 4 of the Abyss.
             The game lasted 00:01:39 (236 turns).

spiderkeys the Ducker (Felid Abyssal Knight)         Turns: 236, Time: 00:01:40

Health: -5/10      AC:  1    Str:  9    XL:     1   Next: 0%
Magic:  3/3        EV: 18    Int: 11    God:    Lugonu [*.....]
Gold:   45         SH:  0    Dex: 16    Spells: 0/0 levels left
                                        Lives:  0   Deaths: 0

rFire   . . .      SeeInvis +     - Unarmed
rCold   . . .      Faith    .   (shield unavailable)
rNeg    . . .      Spirit   .   (armour unavailable)
rPois   .          Reflect  .   (helmet unavailable)
rElec   .          Harm     .   (cloak unavailable)
rCorr   .          Rampage  .   (gloves unavailable)
Will    .....                   (boots unavailable)
Stlth   +.........              (no amulet)
HPRegen 0.03/turn               (no ring)
MPRegen 0.08/turn               (no ring)

@: quick
A: very small, claws 1, fangs 3, see invisible, speed 1, shaggy fur 1, stealthy
paws, no weapons or thrown items, no armour, multi-lived
a: Renounce Religion, Depart the Abyss


You were on level 4 of the Abyss.
You worshipped Lugonu.
Lugonu was aware of your devotion.
You visited 0 branches of the dungeon, and saw 0 of its levels.
You visited the Abyss 1 time.

You collected 45 gold pieces.


Innate Abilities, Weirdness & Mutations

You have sharp claws.
You have razor-sharp teeth.
You have supernaturally acute eyesight. (SInv)
You cover ground quickly. (Speed+)
You are covered in fur. (AC +1)
Your paws help you pounce on unaware monsters.
You are incapable of wielding weapons or throwing items.
You cannot wear armour.
You gain extra lives every three experience levels.


   Skills:
 + Level 3.0 Fighting
 + Level 3.2 Dodging
 + Level 2.0 Unarmed Combat
 + Level 1.7 Invocations


You couldn't memorise any spells.
You didn't know any spells.
Your spell library was empty.

Inventory:

Jewellery
 P - a ring of poison resistance
   (You found it on level 2 of the Abyss)
Wands
 c - a wand of acid (3)
   (You found it on level 2 of the Abyss)
Scrolls
 b - a scroll of enchant weapon
Potions
 d - a potion of heal wounds {unknown}

Dungeon Overview and Level Annotations

Branches:
Dungeon (0/15)

Altars:

#....#.##.## #.
.# #.###.. ...#
. #......# ## #
#. ..#### .##
.#...#
#......##..####
.##○R..4.#....#
.XR.#...#..##.#
###°.#....@# #
.#.#.##.....# #
#........4.#
..#..#..#.## ##
#.# .#. # ##
#.#. # .. ..


You could see a rust devil, an efreet and a chaos spawn (wandering).


Message History

🤖 Initializing magus.rc ... ✅ Successfully initialized magus.rc [v1.9.10] Welcome, spiderkeys the Felid Abyssal Knight.
The heart of this dungeon contains the marvelous artefact, the Orb of Zot.
Lugonu says: Depart the Abyss and spread corruption, my servant! (use the ability menu to exit the Abyss) Press ? for a list of commands and other information.
Found a corrupted altar of Lugonu.
Found a gateway leading out of the Abyss.
Found a gateway leading deeper into the Abyss.
a - a scroll labelled QANAGHIOSY
There is a gateway leading deeper into the Abyss here.
You plunge deeper into the Abyss.
b - a scroll labelled RUDIC LYCSAW
c - a wand of acid (3)
d - a sedimented cyan potion A large abomination comes into view.
Found a corrupted altar of Lugonu.
e - a scroll labelled DEIGGEERIH A lurking horror comes into view.
Your body is wracked with pain!
P - a ring of poison resistance 😮 HP[-4]
You take 4 damage, and now have 6/10 hp.
MASSIVE DAMAGE!! (PAUSE)
There are no items here.
Found a gateway leading deeper into the Abyss.
There is a gateway leading deeper into the Abyss here.
You plunge deeper into the Abyss.
The abyssal rune of Zot can be found at this depth.
Found a gateway leading deeper into the Abyss.
Found a gateway leading out of the Abyss.
f - a scroll labelled QINIUV IQO 😮 HP[+1]
You now have 14 gold pieces.
There is a gateway leading deeper into the Abyss here.
You plunge deeper into the Abyss.
The abyssal rune of Zot can be found at this depth.
Found 63 gold pieces.
Found a gateway leading out of the Abyss.
You now have 45 gold pieces (gained 31).
You see here a +0 robe.
A large abomination comes into view.
A golden dragon simulacrum comes into view.
You see here 32 gold pieces.
As you read the scroll labelled QANAGHIOSY, it crumbles to dust.
It is a scroll of identify.
b - a scroll of enchant weapon
As you read the scroll labelled DEIGGEERIH, it crumbles to dust.
You feel strangely unstable.
You feel the power of the Abyss delaying your translocation!
It was a scroll of teleportation.
As you read the scroll labelled QINIUV IQO, it crumbles to dust.
The creatures around you are filled with an inner flame!
It was a scroll of immolation.
There is a gateway leading out of the Abyss here. 😕 HP[+1]
You are suddenly pulled into a different region of the Abyss!
The chaos spawn croaks. 😕 HP[+1]
An ancient zyme comes into view.
You feel yourself growing ill in the presence of the ancient zyme.
A rust devil comes into view.
A large abomination comes into view.
The rust devil screeches!
An efreet comes into view.
It is wielding a +0 scimitar of flaming.
A chaos spawn comes into view.
The efreet gestures at you. The bolt of fire hits you!
Ouch! That really hurt!
You die...

Action                   || total
-------------------------++-------
  Use: Scroll            ||     3

Levels and vault maps discovered:
Abyss:4:  base: Temple, doesnt_abyss_rune_brain_food,
          guppyfry_abyss_exit_glass_guarded, evilmike_abyss_exit_plants,
          evilmike_abyss_rune_ettins, hangedman_stitches_earthworm,
          gammafunk_abyss_rune_reverse_zot

Notes
Turn   | Place    | Note
-------+----------+-------------------------------------------
     0 | Abyss:1  | spiderkeys the Felid Abyssal Knight began the quest for the
                  | Orb.
     0 | Abyss:1  | Reached XP level 1. HP: 10/10 MP: 3/3
     0 | Abyss:1  | magus.rc [v1.9.10]
    90 | Abyss:2  | Noticed a large abomination
    94 | Abyss:2  | Found a corrupted altar of Lugonu.
    99 | Abyss:2  | Noticed a large abomination
   149 | Abyss:4  | Noticed a large abomination
   151 | Abyss:4  | Noticed a golden dragon simulacrum
   192 | Abyss:4  | Noticed a chaos spawn
   216 | Abyss:4  | Noticed an ancient zyme
   229 | Abyss:4  | Noticed a rust devil
   230 | Abyss:4  | Noticed a large abomination
   231 | Abyss:4  | Noticed an efreet
   236 | Abyss:4  | Noticed a chaos spawn
   236 | Abyss:4  | Killed from afar by an efreet

Vanquished Creatures (others)
  A lurking horror (Abyss:2)
1 creature vanquished.

Table legend:
 A = Non-vault XP
 B = Vault XP
 C = Vault XP percentage of total XP
 D = Non-vault monster count
 E = Vault monster count
 F = Vault count percentage of total count
                 A         B        C        D         E       F
            +---------+---------+-------+---------+---------+-------
      Total |       0 |       0 |   N/A |       0 |       0 |  -nan
            +---------+---------+-------+---------+---------+-------
            +---------+---------+-------+---------+---------+-------

Illustrated notes

Table legend: (Time is in decaauts)
 A = Elapsed time spent in this place.
 B = Non-inter-level travel time spent in this place.
 C = Inter-level travel time spent in this place.
 D = Time resting spent in this place.
 E = Time spent auto-exploring this place.
 F = Levels seen in this place.
 G = Mean time per level.
                   A        B        C        D        E       F      G
               +--------+--------+--------+--------+--------+-----+--------+
         Total |    191 |    191 |      0 |      0 |      0 |   4 |   47.8 |
         Abyss |    191 |    191 |      0 |      0 |      0 |   4 |   47.8 |
               +--------+--------+--------+--------+--------+-----+--------+

Top non-repeatable levels by time:
 Abyss:4: 79 daAuts
 Abyss:2: 55 daAuts
 Abyss:1: 36 daAuts
 Abyss:3: 20 daAuts
